 Dungeon Crawl Stone Soup version 0.30.0-29-ga12c61a403 (webtiles) character file.

Game seed: 304504284479672168

11886 101zpm the Thaumaturge (level 12, -3/73 HPs)
             Began as a Djinni Fire Elementalist on June 12, 2023.
             Hit by a large rock thrown by a cyclops (30 damage)
             ... on level 11 of the Dungeon.
             The game lasted 00:40:55 (11378 turns).

101zpm the Thaumaturge (Djinni Fire Elementalist)  Turns: 11378, Time: 00:40:56

Health: -3/73      AC:  8    Str:  7    XL:     12   Next: 13%
Gold:   769        EV: 18    Int: 23    God:
                   SH:  0    Dex: 22

rFire   + + .        B - +3 quarterstaff (chaos)
rCold   x . .        (shield currently unavailable)
rNeg    . . .        a - +0 robe
rPois   ∞            (no helmet)
rElec   .            C - +2 cloak
rCorr   .            K - +2 pair of gloves {Dex+3}
SInv    .            (boots unavailable)
Will    +....        G - amulet of regeneration
Stlth   +++          c - +5 ring of evasion
HPRegen 1.12/turn    F - +6 ring of dexterity
MPRegen 0.00/turn

%: infuse magic (-4 HP)
@: flying
A: sickness immunity, fire resistance 2, cold vulnerability 1, float, innate
caster, HP casting, extra vitality 1
a: no special abilities


You were on level 11 of the Dungeon.
You visited 2 branches of the dungeon, and saw 12 of its levels.
You also visited: Bailey.

You collected 1159 gold pieces.
You spent 390 gold pieces at shops.

Inventory:

Hand Weapons
 o - a +1 hammer of protection
 B - a +3 quarterstaff of chaos (weapon)
 I - a +2 scimitar of flaming
Missiles
 f - 15 boomerangs
Armour
 a - a +0 robe (worn)
 k - a scarf of shadows
 C - a +2 cloak (worn)
 K - a +2 pair of gloves of dexterity (worn)
Jewellery
 c - a +5 ring of evasion (left hand)
 g - a +6 ring of strength
 w - an amulet of faith
 F - a +6 ring of dexterity (right hand)
 G - an amulet of regeneration (around neck)
 P - a ring of protection from fire
Wands
 y - a wand of roots (9)
 A - a wand of polymorph (7)
 H - a wand of mindburst (14)
 L - a wand of flame (19)
 N - a wand of light (10)
 Q - a wand of paralysis (3)
 T - a wand of digging (5)
Scrolls
 d - 7 scrolls of teleportation
 e - 5 scrolls of fear
 h - 4 scrolls of enchant weapon
 j - 2 scrolls of amnesia
 n - 4 scrolls of noise
 p - 2 scrolls of fog
 u - 4 scrolls of immolation
 x - 6 scrolls of identify
 z - a scroll of enchant armour {unknown}
 E - 2 scrolls of magic mapping {unknown}
 J - 2 scrolls of vulnerability {unknown}
 O - 2 scrolls of blinking
 S - a scroll of poison {unknown}
Potions
 b - 3 potions of haste {unknown}
 i - 4 potions of lignification {unknown}
 l - 7 potions of heal wounds {unknown}
 m - a potion of mutation {unknown}
 q - 5 potions of flight
 r - 2 potions of invisibility {unknown}
 s - 3 potions of degeneration {unknown}
 t - 3 potions of berserk rage {unknown}
 v - 2 potions of might {unknown}
 D - 2 potions of magic {unknown}
 M - a potion of curing {unknown}
 R - a potion of brilliance {unknown}


   Skills:
 + Level 1.3 Fighting
 + Level 2.6 Dodging
 + Level 4.0 Stealth
 + Level 13.9 Spellcasting


You knew the following spells:

 Your Spells              Type           Power      Damage    Failure   Level
a - Foxfire               Conj/Fire      100%       2x1d9     0%          1
b - Scorch                Fire           100%       2d9       1%          2
c - Volatile Blastmotes   Fire/Tloc      100%       2d18      1%          3
d - Inner Flame           Hex/Fire       69%        N/A       1%          3
e - Flame Wave            Conj/Fire      69%        2d16      1%          4
f - Necrotise             Necr           100%       1d9       0%          1
g - Lesser Beckoning      Tloc           100%       N/A       1%          2
h - Teleport Other        Tloc           69%        N/A       1%          3
i - Gell's Gravitas       Tloc           69%        N/A       1%          3
j - Iskenderun's Mystic   Conj/Tloc      69%        2d14      1%          4
Your spell library was empty.

Dungeon Overview and Level Annotations

Branches:
Dungeon (11/15)            Temple (1/1) D:4            Lair (0/5) D:9
 Bailey (visited)
    Orc: D:9-12

Altars:
Ashenzari
Cheibriados
Dithmenos
Elyvilon
Fedhas
Gozag
Hepliaklqana
Makhleb
Nemelex Xobeh
Okawaru
Qazlal
Ru
Trog
Uskayaw
Wu Jian
Xom
Yredelemnul
Zin
The Shining One

Shops:
D:5 [   D:7 =   D:10 (

Portals:
Trove: D:10 (show abyssal rune of Zot)


Innate Abilities, Weirdness & Mutations

You are immune to sickness and miasma.
You are immune to poison.
Your flesh is very heat resistant. (rF++)
You are vulnerable to cold. (rC-)
You float through the air rather than walking.
You learn spells naturally, not from books.
Your magical power is your life essence.
You have superior vitality. (+4 MHP)


Message History

The tengu warrior is moderately wounded.
You conjure some foxfire!
The foxfire hits the tengu warrior.
Flame seeps out of the tengu warrior.
The tengu warrior is heavily wounded.
The tengu warrior is engulfed in blazing flames.
Flame seeps out of the tengu warrior.
The cyclops is engulfed in blazing flames.
Flame seeps out of the cyclops.
The foxfire hits the cyclops!
Flame seeps out of the cyclops.
The cyclops is heavily wounded.
Casting: Foxfire (safe; 0% risk of failure)
Confirm with . or Enter, or press ? or * to list all spells.
Aiming: Gell's Gravitas (safe; 1% risk of failure)
Press: ? - help, Dir - move target Gravity reorients around empty space.
The tengu warrior collides with your foxfire!
Your foxfire is heavily damaged.
The cyclops collides with your foxfire!
Flame seeps out of the cyclops.
The cyclops is severely wounded.
The foxfire hits the tengu warrior.
Flame seeps out of the tengu warrior.
The tengu warrior is severely wounded.
The foxfire hits the tengu warrior.
Flame seeps out of the tengu warrior.
The tengu warrior is severely wounded.
Casting: Gell's Gravitas (safe; 1% risk of failure)
Confirm with . or Enter, or press ? or * to list all spells.
Flames lash the tengu warrior.
Flame seeps out of the tengu warrior.
The tengu warrior is almost dead.
The tengu warrior's fire resistance burns away.
The cyclops throws a large rock.
The large rock hits you!!
Casting: Scorch (safe; 1% risk of failure)
Confirm with . or Enter, or press ? or * to list all spells.
Flames lash the tengu warrior.
The tengu warrior is burned terribly!
The tengu warrior explodes!
You hear a bellow! x3
You are too injured to fight recklessly!
Casting: Foxfire (safe; 0% risk of failure)
Press: ? - help, Q - select action, (/) - cycle Dir - look around, f - activate You conjure some foxfire!
The cyclops throws a large rock.
The large rock hits you!!
You die...

...... .#
.....#.#
....#○#
...#.######.
.C.§§......
#.§)§......
#.☼§§......
##§☼.v..#
.#.#.§.@v..#
...........#
............#
..#.......<.# .
#.........#
#...........
#...........§.
#............§#
#.............#


You could see a cyclops (inner flame, ally target).

Vanquished Creatures
  Erolcha (D:9)
  A tengu warrior (D:11)
  2 wizards (D:8)
  2 orc knights (Bailey)
  A manticore (D:9)
  An ugly thing (D:9)
  Maggie (D:7)
  2 kobold demonologists (D:9)
  A tengu conjurer (D:11)
  A shadow (D:10)
  A wyvern (D:8)
  Grum (D:10)
  9 yaks
  A steam dragon (D:6)
  3 water moccasins
  An ice beast (D:8)
  A black bear (D:5)
  2 sky beasts
  6 orc warriors
  3 ogres (D:5)
  3 wolves (D:10)
  A centaur (D:9)
  2 kobold brigands
  A gnoll sergeant (D:10)
  5 bullfrogs
  2 scorpions
  10 wights
  36 killer bees
  An electric eel (D:10)
  2 howler monkeys (D:10)
  2 orc priests
  A gnoll bouda (D:8)
  Crazy Yiuf (D:2)
  2 iguanas
  Terence (D:2)
  4 orc wizards (D:7)
  16 gnolls
  9 adders
  A shadow imp (D:5)
  An ufetubus (D:5)
  2 worms
  3 dart slugs
  26 orcs
  5 ball pythons
  7 endoplasms
  5 giant cockroaches
  9 goblins
  8 hobgoblins
  3 jackals (D:2)
  33 kobolds
  2 quokkas
  7 bats
  3 frilled lizards
  5 rats
  A foxfire (D:11)
261 creatures vanquished.

Vanquished Creatures (collateral kills)
  A foxfire (D:4)
1 creature vanquished.

Vanquished Creatures (others)
  676 foxfires
676 creatures vanquished.

Grand Total: 938 creatures vanquished

Notes
Turn   | Place    | Note
-------+----------+-------------------------------------------
     0 | D:1      | 101zpm the Djinni Fire Elementalist began the quest for the
                  | Orb.
     0 | D:1      | 101zpm set off with the following spells memorised:
                  | Foxfire, Scorch, Volatile Blastmotes, Inner Flame, Flame
                  | Wave.
     0 | D:1      | Reached XP level 1. HP: 15/15 MP: 0/0
   251 | D:1      | Reached XP level 2. HP: 19/21 MP: 0/0
   406 | D:1      | Reached skill level 3 in Spellcasting
   640 | D:1      | Reached XP level 3. HP: 21/25 MP: 0/0
   640 | D:1      | Learned a level 1 spell: Necrotise
   932 | D:2      | Reached XP level 4. HP: 25/31 MP: 0/0
  1075 | D:2      | Noticed Terence
  1079 | D:2      | Killed Terence
  1290 | D:2      | Found a runed translucent door.
  1291 | D:2      | Noticed Crazy Yiuf
  1351 | D:3      | Reached skill level 4 in Spellcasting
  1360 | D:3      | Reached XP level 5. HP: 16/35 MP: 0/0
  1360 | D:3      | Learned a level 2 spell: Lesser Beckoning
  1891 | D:3      | Found a sacrificial altar of Ru.
  2123 | D:3      | Found a basalt altar of Yredelemnul.
  2510 | D:4      | Found a staircase to the Ecumenical Temple.
  2543 | Temple   | Entered the Ecumenical Temple
  2646 | D:5      | Entered Level 5 of the Dungeon
  2804 | D:5      | Noticed an ogre
  2807 | D:5      | Killed an ogre
  2808 | D:5      | Reached XP level 6. HP: 34/40 MP: 0/0
  2873 | D:5      | Reached skill level 5 in Spellcasting
  2897 | D:5      | Noticed an ogre
  2902 | D:5      | Killed an ogre
  3024 | D:5      | Reached XP level 7. HP: 36/45 MP: 0/0
  3024 | D:5      | Learned a level 3 spell: Teleport Other
  3461 | D:5      | Reached skill level 6 in Spellcasting
  3522 | D:5      | Found Kiduel's Armour Shoppe.
  3966 | D:6      | Noticed a steam dragon
  3971 | D:6      | Killed a steam dragon
  3972 | D:6      | Reached XP level 8. HP: 38/50 MP: 0/0
  4025 | D:6      | Found an iron altar of Okawaru.
  4096 | D:6      | Reached skill level 7 in Spellcasting
  5235 | D:7      | Reached skill level 8 in Spellcasting
  5343 | D:7      | Found Quteber's Jewellery Shop.
  5423 | D:7      | Reached XP level 9. HP: 40/55 MP: 0/0
  5423 | D:7      | Learned a level 3 spell: Gell's Gravitas
  5638 | D:7      | Noticed Maggie
  5646 | D:7      | Killed Maggie
  5791 | D:7      | Found an opulent altar of Gozag.
  5900 | D:7      | Found an ornate altar of the Wu Jian Council.
  6206 | D:7      | Reached skill level 9 in Spellcasting
  7085 | D:2      | Killed Crazy Yiuf
  7425 | D:4      | Found a broken altar of Ashenzari.
  7812 | D:7      | Bought an amulet of regeneration for 390 gold pieces
  7945 | D:8      | Found a flagged portal.
  7954 | Bailey   | Entered a bailey
  8005 | Bailey   | Noticed an orc knight
  8043 | Bailey   | Killed an orc knight
  8044 | Bailey   | Reached XP level 10. HP: 59/60 MP: 0/0
  8098 | Bailey   | Reached skill level 10 in Spellcasting
  8098 | Bailey   | Noticed an orc knight
  8112 | Bailey   | Killed an orc knight
  8471 | D:8      | Reached skill level 11 in Spellcasting
  8749 | D:8      | Noticed a wizard
  8753 | D:8      | Noticed a wizard
  8754 | D:8      | Killed a wizard
  8755 | D:8      | Reached skill level 1 in Fighting
  8758 | D:8      | Killed a wizard
  8759 | D:8      | Reached XP level 11. HP: 64/67 MP: 0/0
  8759 | D:8      | Learned a level 4 spell: Iskenderun's Mystic Blast
  8805 | D:8      | Found a bloodstained altar of Trog.
  8848 | D:8      | Reached skill level 12 in Spellcasting
  8881 | D:8      | Found a glowing golden altar of the Shining One.
  8881 | D:8      | Found a white marble altar of Elyvilon.
  8882 | D:8      | Found a shimmering altar of Xom.
  9299 | D:9      | Noticed a manticore
  9402 | D:9      | Found a staircase to the Lair.
  9442 | D:9      | Found a snail-covered altar of Cheibriados.
  9460 | D:9      | Noticed a red ugly thing
  9466 | D:9      | Killed a red ugly thing
  9570 | D:9      | Killed a manticore
  9571 | D:9      | Reached skill level 13 in Spellcasting
  9829 | D:9      | Noticed Erolcha
  9836 | D:9      | Killed Erolcha
  9973 | D:9      | Found a hide-covered altar of Uskayaw.
 10081 | D:10     | Entered Level 10 of the Dungeon
 10131 | D:10     | Noticed Grum
 10137 | D:10     | Killed Grum
 10359 | D:10     | Found a portal to a secret trove of treasure.
 10573 | D:10     | Reached XP level 12. HP: 73/73 MP: 0/0
 10861 | D:10     | Found Tuadora's Antique Weapon Shoppe.
 11368 | D:11     | Noticed a tengu warrior
 11377 | D:11     | Killed a tengu warrior
 11378 | D:11     | Hit by a large rock thrown by a cyclops

Illustrated notes

Levels and vault maps discovered:
D:1:      doesnt_arrival_eight_statues, layout_loops_ring, minmay_tetromino_i2
D:2:      layout_rooms, corexii_hall_statues_s, chequers_arboretum,
          uniq_crazy_yiuf_cottage, uniq_terence
D:3:      layout_loops_ring, marbit_many_paths, mainiacjoe_overflow_alcove_4
D:4:      layout_rooms, nicolae_overflow_crystal_walls,
          minmay_temple_entry_statues_pillars, serial_bayou_crossing
D:5:      layout_loops_corners, serial_shops, nicolae_shop_just_a_little_nook,
          serial_bayou_ford_a
D:6:      layout_layer_cave, kennysheep_okawaru_gauntlet
D:7:      layout_loops_corners, mainiacjoe_overflow_small_starburst,
          nicolae_vehumet_altar_sigil, lemuel_doored_altar, serial_shops,
          nicolae_shop_waterfront, uniq_maggie
D:8:      cheibrodos_wizards_tower, layout_basic,
          gammafunk_temple_overflow_forgotten, bloody_trog, enter_bailey_2,
          corexii_checkpoint_a
D:9:      layout_rooms, nicolae_overflow_hidden_temple,
          mainiacjoe_overflow_cross_hatched, lair_entry_dummy,
          eino_small_chamber_without_monster, hangedman_corner_corridor,
          uniq_erolcha
D:10:     layout_layer_cave, serial_shops, shop, enter_trove_2,
          kennysheep_donut, minmay_curled_crystal, uniq_grum
D:11:     layout_irregular_city, serial_ice, serial_ice_f, serial_ice_g,
          serial_ice_h, serial_ice_d, portal_ice_cave_entry_pillars_2,
          nicolae_hepliaklqana_hippocampus
Temple:   dpeg_three_leaves_temple

Skill      XL: |  1  2  3  4  5  6  7  8  9 10 11 |
---------------+----------------------------------+-----
Spellcasting   | 3 4 5 6 8 9 11 13 | 13.9
Stealth        | 2 3 4 |  4.0
Fighting       | 1 |  1.3
Dodging        | |  2.6

Action                     |  1- 3 |  4- 6 |  7- 9 | 10-12 || total
---------------------------+-------+-------+-------+-------++-------
  Melee: Unarmed           |     7 |       |       |       ||     7
   Cast: Foxfire           |    91 |    70 |   112 |   143 ||   416
         Scorch            |     4 |    23 |    56 |    76 ||   159
         Inner Flame       |       |    15 |    63 |    96 ||   174
         Gell's Gravitas   |       |       |     4 |     9 ||    13
         Volatile Blastmot |       |       |     1 |       ||     1
    Use: Scroll            |       |       |     8 |     1 ||     9
 Armour: Robe              |     4 |       |       |     5 ||     9
  Dodge: Dodged            |    10 |       |     9 |    50 ||    69
